 Dungeon Crawl Stone Soup version 0.31.0-11-ge490571c62 (webtiles) character file.

Game seed: 9256793566184886738

9763 napier2 the Severer (level 11, -6/104 HPs)
             Began as a Minotaur Berserker on Feb 8, 2024.
             Was a High Priest of Trog.
             Mangled by a centaur warrior (11 damage)
             ... on level 9 of the Dungeon.
             The game lasted 00:21:20 (9390 turns).

napier2 the Severer (Minotaur Berserker)            Turns: 9390, Time: 00:21:20

Health: -6/104     AC: 16    Str: 27    XL:     11   Next: 27%
Magic:  10/10      EV:  6    Int:  4    God:    Trog [*****.]
Gold:   1142       SH:  8    Dex:  9    Spells: 10/10 levels left

rFire   + . .        a - +4 war axe
rCold   + + .        B - +0 kite shield
rNeg    . . .        J - +0 plate armour
rPois   +            (helmet restricted)
rElec   +            m - +0 cloak
rCorr   +            v - +0 pair of gloves
SInv    .            G - +2 pair of boots {Fly}
Will    +....        (no amulet) Stlth
                     C - ring of willpower
HPRegen 0.37/turn    D - ring of protection from cold
MPRegen 0.12/turn

%: no passive effects
@: resistant, flying
A: horns 2, retaliatory headbutt
a: Renounce Religion, Berserk, Trog's Hand, Brothers in Arms


You were on level 9 of the Dungeon.
You worshipped Trog.
Trog was extremely pleased with you.
You visited 1 branch of the dungeon, and saw 9 of its levels.
You also visited: Bailey.

You collected 1142 gold pieces.

Inventory:

Hand Weapons
 a - a +4 war axe (weapon)
 b - a +2 sling of draining
 p - a +0 battleaxe
 u - a +0 war axe of electrocution
Missiles
 e - 2 throwing nets
 k - 5 atropa-tipped darts (quivered)
 o - 87 stones
 q - 42 poisoned darts
 t - a curare-tipped dart
Armour
 j - a +3 scale mail
 m - a +0 cloak (worn)
 v - a +0 pair of gloves (worn)
 w - a +0 pair of boots
 B - a +0 kite shield (worn)
 E - a +1 chain mail of fire resistance
 G - a +2 pair of boots of flying (worn)
 J - a +0 plate armour (worn)
Jewellery
 f - the ring of Midwinter {*Corrode Dex+7 SInv}
   (You found it on level 5 of the Dungeon)

   [ring of see invisible]

   Dex+7:     It affects your dexterity (+7).
   SInv:      It lets you see invisible.
   *Corrode:  It may corrode you when you take damage.
 C - a ring of willpower (left hand)
 D - a ring of protection from cold (right hand)
Wands
 x - a wand of light (8)
 F - a wand of flame (55)
 K - a wand of mindburst (22)
 O - a wand of roots (4)
Scrolls
 d - a scroll of amnesia {unknown}
 s - 2 scrolls of fog {unknown}
 y - 2 scrolls of vulnerability {unknown}
 A - a scroll of noise {unknown}
 I - 2 scrolls of revelation
 L - a scroll of fear {unknown}
 M - a scroll of immolation {unknown}
 P - a scroll of enchant weapon {unknown}
Potions
 c - a potion of heal wounds {unknown}
 h - 2 potions of might
 i - 6 potions of enlightenment
 l - 2 potions of brilliance {unknown}
 r - a potion of attraction {unknown}
 z - a potion of haste {unknown}
 H - a potion of berserk rage {unknown}


   Skills:
 + Level 11.6 Fighting
 - Level 16.0 Axes
 + Level 5.3 Ranged Weapons
 - Level 2.4 Armour
 - Level 2.1 Dodging
 + Level 5.5 Shields
 + Level 1.5 Evocations


You had 10 spell levels left.
You didn't know any spells.
Your spell library was empty.

Dungeon Overview and Level Annotations

Branches:
Dungeon (9/15)             Temple (0/1) D:5          Bailey (visited)
   Lair: D:8-11         Orc: D:9-12

Altars:
Elyvilon
Fedhas
Kikubaaqudgha
Sif Muna
Xom

Annotations:
D:1 2 transporters
D:5 2 runed translucent doors


Innate Abilities, Weirdness & Mutations

You have a pair of horns on your head.
You reflexively headbutt those who attack you in melee.


Message History

a +0 flail; an orc corpse The centaur warrior shoots an arrow.
The arrow hits you!
* * * LOW HITPOINT WARNING * * *
You see here a +0 orcbow.
The centaur warrior shoots an arrow.
The arrow hits you!
* * * LOW HITPOINT WARNING * * *
Okay, then.
Aiming: Bolt of Light
Press: ? - help, Shift-Dir - straight line, f - centaur warrior
Aim: a centaur warrior, wielding a +0 shortbow (79% to hit)
The bolt of light hits the centaur warrior!
The centaur warrior is moderately wounded.
The centaur warrior is blinded.
The centaur warrior shoots an arrow.
The arrow barely misses you.
There is an open door here.
The centaur warrior shoots an arrow.
The arrow barely misses you.
Aiming: Bolt of Light
Press: ? - help, Shift-Dir - straight line, f/p - centaur warrior
Aim: a centaur warrior, wielding a +0 shortbow (lightly wounded, blind, unable to see you, 79% to hit)
The bolt of light hits the centaur warrior!
The centaur warrior is moderately wounded.
Aiming: Mindburst
Press: ? - help, Shift-Dir - straight line, f/p - centaur warrior
Aim: a centaur warrior, wielding a +0 shortbow (moderately wounded, blind, unable to see you, chance to affect: 54%)
The centaur warrior resists with significant effort.
You hear a shout!
The centaur warrior unwields a +0 shortbow.
The centaur warrior hits you.
* * * LOW HITPOINT WARNING * * *
The centaur warrior kicks you.
* * * LOW HITPOINT WARNING * * *
You closely miss the centaur warrior.
The centaur warrior is moderately wounded.
The centaur warrior hits you but does no damage.
You block the centaur warrior's attack.
Unknown command.
It was a potion of resistance.
You feel protected.
The centaur warrior is no longer blind.
The centaur warrior hits you!
You die...

##.##.#.#.#.##.........#..#
##.#.........#..######.#.##
.#[##.#.#.#.##.#.###.#†#.###
.[)#.........#.##.#.##.#..<#
.#.)#.#.#.#.#'.###.###.#.###
...#.........#.##.#.##.#.#
#..##.#.#.#.##.#.###.#.#.#
#..#.........#c######..#.#
#..##.#.#.#.##..@c.....#.##
#..###############o#####..#
# #..# #.)##K.# #..## ####
#..# ##.)##).###...###...
#..# # #.##.)##..#.#..##.##
#..#
.##.K###.##..##..#.##....#
#..#
..eKKc.'#)c##..###..#...##
#..#
..##o####.o##..###.)..###
#..# #.##..##..#.)>##


You could see a centaur warrior, an orc warrior, a centaur and a kobold.

Vanquished Creatures
  A two-headed ogre (D:5)
  An ugly thing (D:9)
  A cyclops (D:9)
  A kobold demonologist (D:9)
  A freezing wraith (D:9)
  Psyche (D:8)
  2 hornets
  A wraith (D:9)
  5 yaks (D:9)
  2 wyverns (D:9)
  4 vampire mosquitoes (D:8)
  Grum (D:8)
  A steam dragon (D:9)
  3 water moccasins
  9 orc warriors
  4 sky beasts
  An ice beast (D:6)
  A black bear (D:5)
  2 ogres (D:5)
  2 wolves (D:8)
  5 centaurs
  2 phantoms
  2 kobold brigands
  2 bullfrogs
  6 scorpions
  3 gnoll sergeants
  8 wights
  A killer bee (D:9)
  3 howler monkeys
  A bombardier beetle (D:6)
  3 hounds
  3 gnoll boudas
  5 orc priests
  A jelly (D:6)
  4 iguanas
  5 sleepcaps
  9 orc wizards
  Natasha (thrice) (D:2)
  26 gnolls
  9 adders
  A shadow imp (D:5)
  3 white imps
  2 ufetubi (D:5)
  4 dart slugs
  A ribbon worm (D:2)
  27 orcs
  7 ball pythons
  4 bats
  6 endoplasms
  2 giant cockroaches
  3 goblins
  8 hobgoblins
  5 jackals
  49 kobolds
  2 quokkas
  A frilled lizard (D:1)
  3 rats
  2 butterflies (D:3)
275 creatures vanquished.

Notes
Turn   | Place    | Note
-------+----------+-------------------------------------------
     0 | D:1      | napier2 the Minotaur Berserker began the quest for the Orb.
     0 | D:1      | Reached XP level 1. HP: 19/19 MP: 0/0
   231 | D:1      | Reached skill level 4 in Axes
   235 | D:1      | Reached XP level 2. HP: 27/27 MP: 1/1
  1032 | D:2      | Reached XP level 3. HP: 31/34 MP: 2/2
  1267 | D:2      | Noticed Natasha
  1273 | D:2      | Killed Natasha
  1274 | D:2      | Reached skill level 5 in Axes
  1274 | D:2      | Reached XP level 4. HP: 41/41 MP: 3/3
  1363 | D:2      | Noticed Natasha
  1367 | D:2      | Killed Natasha
  1368 | D:2      | Reached skill level 5 in Fighting
  1668 | D:2      | Noticed Natasha
  1676 | D:2      | Killed Natasha
  1768 | D:3      | Reached XP level 5. HP: 24/48 MP: 4/4
  1770 | D:3      | Reached ** piety under Trog
  1881 | D:3      | Reached skill level 6 in Axes
  2145 | D:3      | Identified the +0 leather armour "Geecwy" {Harm rN+ Str-4}
  2377 | D:3      | Reached XP level 6. HP: 44/57 MP: 5/5
  2424 | D:3      | Found a shimmering altar of Xom.
  2796 | D:4      | Reached skill level 7 in Axes
  2881 | D:4      | Found a blossoming altar of Fedhas.
  2884 | D:4      | You fall into a shaft and drop 2 floors!
  2887 | D:5      | Entered Level 5 of the Dungeon
  2919 | D:6      | Reached skill level 8 in Axes
  2919 | D:6      | Reached XP level 7. HP: 64/64 MP: 6/6
  3046 | D:6      | Reached skill level 1 in Ranged Weapons
  3221 | D:6      | Reached skill level 9 in Axes
  3222 | D:6      | Reached *** piety under Trog
  3398 | D:6      | Reached XP level 8. HP: 62/73 MP: 7/7
  3403 | D:6      | Reached skill level 10 in Axes
  3724 | D:5      | Reached skill level 11 in Axes
  4230 | D:5      | Found a large runed translucent door.
  4230 | D:5      | Found a large runed translucent door.
  4234 | D:5      | Found a large runed translucent door.
  4234 | D:5      | Found a large runed translucent door.
  4235 | D:5      | Noticed a hornet
  4243 | D:5      | Found a staircase to the Ecumenical Temple.
  4251 | D:5      | Reached **** piety under Trog
  4316 | D:5      | Reached skill level 12 in Axes
  4712 | D:5      | Reached XP level 9. HP: 81/81 MP: 8/8
  4718 | D:5      | Noticed a two-headed ogre
  4734 | D:5      | Killed a two-headed ogre
  4735 | D:5      | Reached skill level 13 in Axes
  4735 | D:5      | Reached skill level 1 in Shields
  5270 | D:5      | Identified the ring of Midwinter {*Corrode Dex+7 SInv}
  5332 | D:5      | Found an ancient bone altar of Kikubaaqudgha.
  5368 | D:5      | Found a shimmering blue altar of Sif Muna.
  5649 | D:7      | Reached skill level 14 in Axes
  5759 | D:7      | Reached XP level 10. HP: 65/91 MP: 9/9
  6000 | D:7      | Found a flagged portal.
  6007 | Bailey   | Entered a bailey
  6044 | Bailey   | Reached ***** piety under Trog
  6372 | D:7      | Reached skill level 10 in Fighting
  6998 | D:8      | Found a white marble altar of Elyvilon.
  7176 | D:8      | Noticed Grum
  7194 | D:8      | Killed Grum
  7195 | D:8      | Reached skill level 15 in Axes
  7620 | D:8      | Noticed Psyche
  7625 | D:8      | Killed Psyche
  7840 | D:9      | Reached skill level 5 in Ranged Weapons
  8166 | D:9      | Reached skill level 1 in Evocations
  8175 | D:9      | Reached XP level 11. HP: 42/101 MP: 10/10
  8356 | D:9      | Paralysed by a hornet for 2 turns
  8371 | D:9      | Reached skill level 16 in Axes
  8587 | D:9      | Noticed a red ugly thing
  8614 | D:9      | HP: 5/102 [red ugly thing (16)]
  8619 | D:9      | HP: 1/102 [centaur/arrow (11)]
  9264 | D:9      | Killed a red ugly thing
  9265 | D:9      | Reached skill level 5 in Shields
  9333 | D:9      | Noticed a cyan ugly thing
  9334 | D:9      | Noticed a centaur warrior
  9374 | D:9      | Noticed a centaur warrior
  9375 | D:9      | Noticed a deep elf pyromancer
  9388 | D:9      | HP: 5/104 [centaur warrior (3)]
  9390 | D:9      | Mangled by a centaur warrior

Illustrated notes

Levels and vault maps discovered:
D:1:      spicycebolla_arrival_transporter_tutorial, layout_basic
D:2:      layout_basic, uniq_natasha
D:3:      layout_loops_ring, xom_butterflies
D:4:      layout_cave_pools, fedhas_altar_2, minmay_statues_item
D:5:      kennysheep_kobold_camp, layout_cave_pools,
          mainiacjoe_overflow_two_lobes, minmay_temple_entry_statues,
          minmay_hollow_rounded_squares
D:6:      layout_rooms, mrwooster_statue_mirror, dreamdust_princess_corridor
D:7:      minmay_octagon_keep, layout_basic, enter_bailey_2, serial_curves,
          eino_curves_03, eino_curves_03
D:8:      layout_loops_ring, elyvilon_altar_3, uniq_grum, uniq_psyche
D:9:      layout_basic, minmay_the_grid_2x2 [minmay_the_grid_minigrid_small_alt,
          minmay_the_grid_box_x, minmay_the_grid_minigrid_medium,
          minmay_the_grid_prize_trominoes]

Skill      XL: |  1  2  3  4  5  6  7  8  9 10 11 |
---------------+----------------------------------+-----
Fighting       | 4 5 6 7 8 9 10 11 | 11.6
Axes           | 4 5 6 8 9 12 14 15 16 | 16.0
Ranged Weapons | 1 5 |  5.3
Shields        | 2 4 5 |  5.5
Evocations     | 1 |  1.5
Armour         | |  2.4
Dodging        | |  2.1

Action                     |  1- 3 |  4- 6 |  7- 9 | 10-12 || total
---------------------------+-------+-------+-------+-------++-------
  Melee: Hand axe          |    12 |       |       |       ||    12
         War axe           |    37 |   107 |   218 |   242 ||   604
         Headbutt          |     4 |    16 |    34 |    36 ||    90
   Fire: Sling             |       |     6 |     2 |    45 ||    53
 Invoke: Berserk           |       |     1 |     1 |     1 ||     3
         Trog's Hand       |       |       |     1 |     2 ||     3
  Evoke: Wand              |       |       |     1 |    14 ||    15
    Use: Scroll            |       |       |     1 |     6 ||     7
         Potion            |       |       |       |     7 ||     7
 Armour: Animal skin       |    29 |       |       |       ||    29
         Scale mail        |     5 |    85 |   144 |    49 ||   283
         Plate armour      |       |       |       |   158 ||   158
  Dodge: Dodged            |    33 |    60 |    78 |    66 ||   237
  Block: Kite shield       |       |       |    39 |   107 ||   146
